 Dungeon Crawl Stone Soup version 0.22-a0-69-g116c2a8 (webtiles) character file.

70 shenanigans the Skirmisher (level 4, 37/37 HPs)
             Began as a Barachi Monk on Jan 11, 2018.
             Was a Believer of Okawaru.
             Quit the game on level 2 of the Dungeon.
             The game lasted 00:03:08 (2475 turns).

shenanigans the Skirmisher (Barachi Monk)           Turns: 2475, Time: 00:03:08

Health: 37/37      AC:  6    Str: 13    XL:     4   Next: 21%
Magic:  4/4        EV: 10    Int: 11    God:    Okawaru [**....]
Gold:   95         SH:  0    Dex: 14    Spells: 3/3 levels left

rFire    . . .     SeeInvis .   a - +0 hand axe
rCold    . . .     Gourm    .   (no shield)
rNeg     . . .     Faith    .   f - +0 scale mail
rPois    .         Spirit   .   (no helmet)
rElec    .         Reflect  .   (no cloak)
rCorr    .         Harm     .   (no gloves)
MR       .....                  (no boots)
Stlth    +.........             (no amulet)
HPRegen  0.12/turn              (no ring)
MPRegen  0.09/turn              (no ring)

@: slow
A: +LOS, swims, slowness 1, strong legs 1
a: Hop, Heroism, Renounce Religion


You were on level 2 of the Dungeon.
You worshipped Okawaru.
Okawaru was pleased with you.
You were hungry.

You visited 1 branch of the dungeon, and saw 2 of its levels.

You collected 95 gold pieces.

Inventory:

Hand Weapons
 a - a +0 hand axe (weapon)
Missiles
 h - 3 javelins (quivered)
Armour
 b - a +0 robe
 f - a +0 scale mail (worn)
Scrolls
 d - 3 scrolls of identify {unknown}
 e - a scroll of enchant armour {unknown}
 g - a scroll of immolation {unknown}
 i - 4 scrolls of teleportation {unknown}
 j - a scroll of fear {unknown}
 k - a scroll of amnesia {unknown}
Potions
 l - a potion of agility {unknown}
 m - a potion of ambrosia {unknown}
Comestibles
 c - 3 rations


   Skills:
 + Level 4.2 Fighting
 + Level 3.8 Axes
 + Level 1.8 Armour
 + Level 3.9 Dodging
 - Level 1.7 Stealth
 + Level 0.6 Invocations


You had 3 spell levels left.
You didn't know any spells.

Dungeon Overview and Level Annotations

Branches:
Dungeon (2/15)

Altars:
Fedhas
Okawaru
Trog
Wu Jian


Innate Abilities, Weirdness & Mutations

Shadows flee at your approach. (+LOS)
You can swim through water.
You cover ground slowly.
You can hop short distances.


Message History

A frilled lizard is nearby!
A frilled lizard is nearby!
You closely miss the frilled lizard.
The frilled lizard bites you but does no damage.
You closely miss the frilled lizard. The frilled lizard barely misses you.
You completely miss the frilled lizard. The frilled lizard closely misses you.
You hit the frilled lizard.
You kill the frilled lizard!
Okawaru accepts your kill.
You see here a frilled lizard corpse.
There is a large open door here.
There is a large open door here.
There is an open door here.
You open the door.
There is an open door here.
Done exploring.
Done exploring.
Done exploring.
Done exploring.
Are you sure you want to abandon this character and quit the game? (Confirm with "yes".)

#.......#.## ##.
#.......#.# ##
#.......#.# #
#.......#.# #
#.......#.# ##
#.>.....#.# ##.
###........# ##..
#.........## ##...
#@####....####....
#.# ##.......'....
#.# #.....####....
#.# #.##..# ##...
#.# #.###.# ##..
#.###.###.# ##.
#.........# ###
#####.##### #..
#.# #.#


There were no monsters in sight!

Vanquished Creatures
  2 adders (D:2)
  2 worms (D:2)
  3 dart slugs
  2 leopard geckos (D:2)
  A ball python (D:1)
  7 bats
  2 goblins
  5 hobgoblins
  5 frilled lizards
  5 kobolds
  9 rats
43 creatures vanquished.

Notes
Turn   | Place    | Note
-------+----------+-------------------------------------------
     0 | D:1      | shenanigans the Barachi Monk began the quest for the Orb.
     0 | D:1      | Reached XP level 1. HP: 18/18 MP: 1/1
   136 | D:1      | Reached XP level 2. HP: 25/25 MP: 2/2
   228 | D:1      | Reached skill level 1 in Armour
   638 | D:1      | Reached skill level 4 in Fighting
   839 | D:1      | Reached XP level 3. HP: 30/30 MP: 3/3
   931 | D:2      | Found a blossoming altar of Fedhas.
   958 | D:2      | Found an iron altar of Okawaru.
   967 | D:2      | Became a worshipper of Warmaster Okawaru
   967 | D:2      | Reached * piety under Okawaru
   967 | D:2      | Reached ** piety under Okawaru
  1713 | D:2      | Found a bloodstained altar of Trog.
  1836 | D:2      | Reached XP level 4. HP: 37/37 MP: 4/4
  2312 | D:2      | Found an ornate altar of the Wu Jian Council.
  2475 | D:2      | Quit the game

Vault maps used:
D:1:      lightli_arrival_isolated_outpost
D:2:      kennysheep_big_flooded_room, lemuel_coloured_pillars_altar,
          lemuel_crystal_altar, lemuel_crystal_altar,
          nicolae_overflow_crystal_walls, first_ration,
          hangedman_abyss_or_decor_lesser_grid

Skill      XL: |  1  2 |
---------------+-------+-----
Armour         | 1 |  1.8
Fighting       | 4 |  4.2
Axes           | |  3.8
Dodging        | |  3.9
Stealth        | |  1.7
Invocations    | |  0.6

Action                   |  1- 3 |  4- 6 || total
-------------------------+-------+-------++-------
Melee: Hand axe          |   134 |    26 ||   160
Invok: Heroism           |     1 |       ||     1
  Eat: Chunk             |     3 |     2 ||     5
Armor: Robe              |     8 |       ||     8
       Scale mail        |    48 |     6 ||    54
Dodge: Dodged            |    94 |    12 ||   106

Table legend:
 A = Spawn XP
 B = Non-spawn XP
 C = Spawn XP percentage of total XP
 D = Spawn monster count
 E = Non-spawn monster count
 F = Spawn count percentage of total count
 G = Total turns spent on level
                    A         B        C        D         E        F      G
               +---------+---------+-------+---------+---------+-------+---------
         Total |       0 |     100 |   0.0 |       0 |      43 |   0.0 |  2475
               +---------+---------+-------+---------+---------+-------+---------
           D:1 |       0 |      35 |   0.0 |       0 |      21 |   0.0 |   929
           D:2 |       0 |      65 |   0.0 |       0 |      22 |   0.0 |  1546
               +---------+---------+-------+---------+---------+-------+---------
